 Dungeon Crawl Stone Soup version bcrawl-1.39.1 (webtiles) character file.

Game seed: 6228759046299356233

201875 Finalfun the Conjurer (level 3, -6/21 HPs)
             Began as a Fairy Conjurer on Sept 18, 2023.
             Mangled by a gnoll
             ... wielding a +0 flail
              (11 damage)
             ... on level 2 of the Dungeon.
             The game lasted 00:04:39 (210 turns).

Finalfun the Conjurer (Fairy Conjurer)               Turns: 210, Time: 00:04:40

Health: -6/21      AC:  4    Str:  6    XL:     3   Next: 39%
Magic:  9/9        EV: 16    Int: 19    God:
Gold:   0          SH:  4    Dex: 12    Spells: 6/7 levels left

rFire    . . .     GDR:     24% a - +0 mace
rCold    . . .     SeeInvis .   (shield restricted)
rNeg     . . .     Gourm    .   (armour unavailable)
rPois    .         Faith    .   (no helmet)
rElec    .         Spirit   .   (no cloak)
rCorr    .         Reflect  .   (no gloves)
MR       .....                  (no boots)
Stlth    +.........             (no amulet)
HPRegen  0.13/turn              (no ring)
MPRegen  0.11/turn              (no ring)

@: flying evasively
A: small, magic attunement, unstealthy, unfitting armour, able to fly, AC/SH +4
a: Stop Flying


You were on level 2 of the Dungeon.
You were not hungry.

You visited 1 branch of the dungeon, and saw 2 of its levels.

Inventory:

Hand Weapons
 a - a +0 mace (weapon)
Scrolls
 i - a scroll of identify
Potions
 b - a potion of magic
Comestibles
 e - a ration {!d}


   Skills:
 + Level 2.8 Dodging
 - Level 1.6 Stealth
 + Level 2.9 Spellcasting
 + Level 5.9 Conjurations


You had 6 spell levels left.
You knew the following spells:

 Your Spells              Type           Power        Failure   Level  Hunger
a - Magic Dart            Conj           ####         1%          1    None

Your spell library contained the following spells:

 Spells                   Type           Power        Failure   Level  Hunger
 Searing Ray              Conj           ####....     1%          2    None
 Iskenderun's Mystic Bla  Conj           ####....     4%          3    None
 Fulminant Prism          Conj/Hex       ##........   41%         4    None
 Irradiate                Conj/Tmut      ##........   77%         5    None


Dungeon Overview and Level Annotations

Branches:
Dungeon (2/12)

Altars:


Innate Abilities, Weirdness & Mutations

Your spells do not cause hunger and MP costs are reduced by 1.
Your bright wings attract enemies. (Stealth-)
You cannot fit into any form of body armour.
Your shimmering scales are hard and can block incoming attacks. (AC +4, SH +4)
You are small and have problems with some larger weapons.
You can fly continuously.


Message History

The goblin barely misses you.
Casting: Magic Dart (safe; 1% risk of failure)
Confirm with . or Enter, or press ? or * to list all spells.
Aiming: Magic Dart (safe; 1% risk of failure)
Press: ? - help, Shift-Dir - straight line, f/p - gnoll
Aim: a gnoll, wielding a +0 flail The magic dart hits the gnoll!
The gnoll is severely wounded.
The kobold closely misses you. The gnoll misses you. The goblin misses you.
Unknown command.
Casting: Magic Dart (safe; 1% risk of failure)
Confirm with . or Enter, or press ? or * to list all spells.
Aiming: Magic Dart (safe; 1% risk of failure)
Press: ? - help, Shift-Dir - straight line, f/p - gnoll
Aim: a gnoll, wielding a +0 flail (severely wounded)
The magic dart hits the gnoll.
The gnoll is almost dead.
You block the kobold's attack. The gnoll hits you with a +0 flail!
Ouch! That really hurt!
You die...

###....## ..#
........# .. .
......... .. ..
........##.#...
.............
.........††# .
......gK..#....
.......@.).)...
.......g.......
...............
...............
#####..........
##...##[...
##### ###.


You could see a gnoll, a goblin and a kobold.

Vanquished Creatures
  3 gnolls
  A leopard gecko (D:2)
  A hobgoblin (D:2)
  A kobold (D:2)
  A quokka (D:2)
  A frilled lizard (D:2)
  A goblin (D:2)
9 creatures vanquished.

Notes
Turn   | Place    | Note
-------+----------+-------------------------------------------
     0 | D:1      | Finalfun the Fairy Conjurer began the quest for the Orb.
     0 | D:1      | Reached XP level 1. HP: 11/11 MP: 6/6
   179 | D:2      | Reached skill level 5 in Conjurations
   185 | D:2      | Reached XP level 2. HP: 17/17 MP: 7/7
   195 | D:2      | Reached XP level 3. HP: 21/21 MP: 9/9
   210 | D:2      | Mangled by a gnoll

Skill      XL: |  1 |
---------------+----+-----
Conjurations   | 5 |  5.9
Dodging        | |  2.8
Stealth        | |  1.6
Spellcasting   | |  2.9

Action                   || total
-------------------------++-------
 Cast: Magic Dart        ||    29
Dodge: Dodged            ||    10
Block: Other             ||     2
